 Dungeon Crawl Stone Soup version 0.27-a0-828-g8289197e94 (webtiles) character file.

Game seed: 18290428002745005709

143 Grognak the Skirmisher (level 5, -6/47 HPs)
             Began as a Minotaur Fighter on Mar 30, 2021.
             Mangled by an ogre
             ... wielding a +0 giant club
              (13 damage)
             ... on level 3 of the Dungeon.
             The game lasted 00:04:58 (2119 turns).

Grognak the Skirmisher (Minotaur Fighter)           Turns: 2119, Time: 00:04:58

Health: -6/47      AC:  7    Str: 20    XL:     5   Next: 4%
Magic:  4/4        EV:  7    Int:  5    God:
Gold:   54         SH: 10    Dex: 11    Spells: 4/4 levels left

rFire    . . .     SeeInvis .   a - +1 flail
rCold    . . .     Faith    .   c - +1 kite shield
rNeg     . . .     Spirit   .   b - +0 scale mail
rPois    .         Reflect  .   (helmet restricted)
rElec    .         Harm     .   (no cloak)
rCorr    .         Rampage  .   (no gloves)
Will     .....                  (no boots)
Stlth    ..........             (no amulet)
HPRegen  0.15/turn              (no ring)
MPRegen  0.09/turn              (no ring)

@: no status effects
A: horns 2, retaliatory headbutt
a: no special abilities


You were on level 3 of the Dungeon.
You visited 1 branch of the dungeon, and saw 3 of its levels.

You collected 54 gold pieces.

Inventory:

Hand Weapons
 a - a +1 flail (weapon)
Armour
 b - a +0 scale mail (worn)
 c - a +1 kite shield (worn)
Wands
 i - a wand of polymorph (10)
Scrolls
 d - a scroll of magic mapping
 e - 4 scrolls of teleportation
 f - a scroll of summoning {unknown}
 g - 3 scrolls of identify
Potions
 h - a potion of might


   Skills:
 * Level 4.8 Fighting
 * Level 3.5 Maces & Flails
 * Level 4.8 Armour
 + Level 0.7 Dodging
 * Level 4.3 Shields


You had 4 spell levels left.
You didn't know any spells.
Your spell library contained the following spells:

 Spells                   Type           Power      Damage    Failure   Level
 Animate Skeleton         Necr           0%         N/A       99%         1
 Apportation              Tloc           0%         N/A       99%         1
 Corona                   Hex            0%         N/A       99%         1
 Summon Small Mammal      Summ           0%         N/A       99%         1


Dungeon Overview and Level Annotations

Branches:
Dungeon (3/15)

Altars:
Nemelex Xobeh


Innate Abilities, Weirdness & Mutations

You have a pair of horns on your head.
You reflexively headbutt those who attack you in melee.


Message History

You block the endoplasm's attack.
You sock the endoplasm!
You kill the endoplasm!
No target in view!
No target in view!
You see here a throwing net.
f - a scroll labelled GIJUEF SIDOIWE
h - a potion of might
e - 4 scrolls of teleportation (gained 3)
g - 3 scrolls of identify (gained 1) Done exploring.
Done exploring.
Unknown command.
You see here a +0 mace.
There is a stone staircase leading down here.
You climb downwards.
Found 16 stones.
There is a stone staircase leading up here.
Found a leather armour.
An ogre comes into view. It is wielding a +0 giant club.
The ogre shouts!
You hear a shout!
You see here a wand of polymorph (10).
An ogre is nearby!
i - a wand of polymorph (10)
The ogre hits you with a +0 giant club!!
You hit the ogre but do no damage.
A gnoll comes into view. It is wielding a +0 whip.
The ogre barely misses you. You furiously retaliate!
You headbutt the ogre!
The gnoll moves out of view.
You thump the ogre!
The ogre is heavily wounded.
The ogre hits you with a +0 giant club!!
* * * LOW HITPOINT WARNING * * *
You are too injured to fight recklessly!
You are too injured to fight recklessly!
You completely miss the ogre.
The ogre is heavily wounded.
The gnoll shouts!
The ogre hits you with a +0 giant club!
You die...

#.##........ .P...
#.##......# P P.g.
#.##...(..# P. ....
#.##......# ... ♣♣P.#
#.##<.....## ##..
P..# #.##......PP
...P.♣..#
#......P..PP #..P..O#
#.##.....P..
#..###@###.###...♣♣♣.
#.............P♣♣♣
#[####.###.##.♣♣ #.#
#.# ♣ #.# #.. #.#
#... #.# ##... ###
####


You could see an ogre and a gnoll.

Vanquished Creatures
  4 gnolls (D:2)
  4 adders (D:2)
  A worm (D:2)
  2 dart slugs (D:2)
  3 bats
  5 endoplasms
  3 giant cockroaches
  9 goblins
  4 hobgoblins
  9 jackals
  3 quokkas (D:2)
  A ball python (D:2)
  5 kobolds
  7 rats
60 creatures vanquished.

Notes
Turn   | Place    | Note
-------+----------+-------------------------------------------
     0 | D:1      | Grognak the Minotaur Fighter began the quest for the Orb.
     0 | D:1      | Reached XP level 1. HP: 19/19 MP: 0/0
    14 | D:1      | Reached XP level 2. HP: 12/27 MP: 1/1
   322 | D:2      | Reached XP level 3. HP: 14/33 MP: 2/2
  1049 | D:2      | Found a faded altar of an unknown god.
  1054 | D:2      | Reached XP level 4. HP: 41/41 MP: 3/3
  1076 | D:2      | HP: 2/41 [gnoll/+0 whip (5)]
  1618 | D:2      | Reached XP level 5. HP: 43/47 MP: 4/4
  1660 | D:2      | Found a sparkling altar of Nemelex Xobeh.
  2114 | D:3      | Noticed an ogre
  2119 | D:3      | Mangled by an ogre

Illustrated notes

Levels and vault maps discovered:
D:1:      minmay_arrival_five_plusses, layout_rooms
D:2:      layout_basic, chequers_ecumenical_altar_simple,
          nemelex_lonely_heart_becter
D:3:      layout_basic, serial_forest, infiniplex_forest_lined_room_3,
          infiniplex_forest_clump_C, infiniplex_forest_lined_corner,
          infiniplex_forest_zigzag_1, infiniplex_forest_lined_2,
          infiniplex_forest_clump_double, infiniplex_forest_clump_diagonal,
          grunt_ministairs_10, fedhas_altar_fruit_tree

Skill      XL: |  1  2  3 |
---------------+----------+-----
Fighting       | 4 |  4.8
Armour         | 4 |  4.8
Shields        | 4 |  4.3
Maces & Flails | 3 |  3.5
Dodging        | |  0.7

Action                   |  1- 3 |  4- 6 || total
-------------------------+-------+-------++-------
Melee: Flail             |    69 |    45 ||   114
       Headbutt          |     7 |     4 ||    11
  Use: Potion            |     1 |     1 ||     2
       Scroll            |     5 |     2 ||     7
Armor: Scale mail        |    81 |    13 ||    94
Dodge: Dodged            |    46 |    22 ||    68
Block: Kite shield       |    58 |    25 ||    83

Table legend: (Time is in decaauts)
 A = Elapsed time spent in this place.
 B = Non-inter-level travel time spent in this place.
 C = Inter-level travel time spent in this place.
 D = Time resting spent in this place.
 E = Time spent auto-exploring this place.
 F = Levels seen in this place.
 G = Mean time per level.
                   A        B        C        D        E       F      G
               +--------+--------+--------+--------+--------+-----+--------+
         Total |   2173 |   2142 |     31 |    741 |    936 |   3 |  724.3 |
       Dungeon |   2173 |   2142 |     31 |    741 |    936 |   3 |  724.3 |
               +--------+--------+--------+--------+--------+-----+--------+

Top non-repeatable levels by time:
     D:2: 1512 daAuts
     D:1: 643 daAuts
     D:3: 17 daAuts
